 Dungeon Crawl Stone Soup version 0.30-a0-949-g53dc5368d7 (webtiles) character file.

Game seed: 7666385138615250428

63 NotreDorf the Magician (level 3, 0/24 HPs)
             Began as a Mummy Hedge Wizard on Mar 27, 2023.
             Slain by a worm (7 damage)
             ... on level 2 of the Dungeon.
             The game lasted 00:10:17 (2453 turns).

NotreDorf the Magician (Mummy Hedge Wizard)         Turns: 2453, Time: 00:10:18

Health: 0/24       AC:  2    Str: 13    XL:     3   Next: 89%
Magic:  1/9        EV: 12    Int: 15    God:
Gold:   38         SH:  0    Dex: 11    Spells: 5/11 levels left

rFire   x . .      SeeInvis .    e - staff of conjuration
rCold   + . .      Faith    +    (no shield)
rNeg    + + +      Spirit   .    b - +0 robe
rPois   ∞          Reflect  .    c - +0 hat
rElec   .          Rampage  .    (no cloak)
rCorr   .                        (no gloves)
Will    .....                    (no boots)
Stlth   ++                       (no amulet)
HPRegen 0.24/turn                (no ring)
MPRegen 0.11/turn                (no ring)

@: no status effects
A: cold resistance 1, negative energy resistance 3, torment resistance 2, heat
vulnerability 1, in touch with death 1, no potions, faith
a: no special abilities


You were on level 2 of the Dungeon.
You visited 1 branch of the dungeon, and saw 2 of its levels.

You collected 38 gold pieces.

Inventory:

Hand Weapons
 a - a +0 dagger
Missiles
 g - 7 boomerangs (quivered)
Armour
 b - a +0 robe (worn)
 c - a +0 hat (worn)
Magical Staves
 e - a staff of conjuration (weapon)
Jewellery
 h - a +4 ring of protection
Scrolls
 d - a scroll of fog {unknown}
 f - a scroll of identify {unknown}
 i - a scroll of fear {unknown}
 j - 2 scrolls of teleportation {unknown}
 k - a scroll of enchant weapon {unknown}


   Skills:
 - Level 1.5 Dodging
 - Level 1.5 Stealth
 + Level 4.8 Spellcasting
 + Level 1.9 Conjurations
 - Level 0.7 Summonings
 - Level 0.7 Translocations
 + Level 1.3 Evocations


You had 5 spell levels left.
You knew the following spells:

 Your Spells              Type           Power      Damage    Failure   Level
a - Magic Dart            Conj           56%        1d5       8%          1
b - Blink                 Tloc           10%        N/A       19%         2
c - Mephitic Cloud        Conj/Pois/Air  8%         N/A       36%         3

Your spell library contained the following spells:

 Spells                   Type           Power      Damage    Failure   Level
 Slow                     Hex            12%        N/A       17%         1
 Call Imp                 Summ           5%         N/A       19%         2
 Cigotuvi's Dreadful Rot  Necr/Pois/Air  10%        N/A       26%         2
 Stone Arrow              Conj/Erth      18%        3d8       32%         3
 Animate Armour           Summ/Erth      8%         N/A       82%         4
 Lehudib's Crystal Spear  Conj/Erth      4%         10d3      100%        8


Dungeon Overview and Level Annotations

Branches:
Dungeon (2/15)

Altars:

Shops:
D:2 *


Innate Abilities, Weirdness & Mutations

You are immune to poison.
Your flesh is cold resistant. (rC+)
You are immune to negative energy. (rN+++)
You are immune to unholy pain and torment.
You are vulnerable to heat. (rF-)
You are in touch with the powers of death.
You do not drink.
You have a special connection with the divine. (Faith)


Message History

You barely miss the worm.
The worm is severely wounded.
The worm closely misses you.
You barely miss the worm.
The worm is severely wounded.
You barely miss the worm.
The worm is severely wounded.
The worm bites you.
You hit the worm.
The worm is severely wounded.
The worm bites you.
You barely miss the worm.
The worm is severely wounded.
You hit the worm but do no damage.
The worm is severely wounded.
The worm closely misses you.
Casting: Magic Dart (safe; 8% risk of failure)
Confirm with . or Enter, or press ? or * to list all spells.
Aiming: Magic Dart (safe; 8% risk of failure)
Press: ? - help, Shift-Dir - straight line, f/p - worm
Aim: a worm (severely wounded, 100% to hit)
You feel a surge of power!
The magic dart hits the worm.
The worm is severely wounded.
The worm bites you.
You hit the worm.
The worm is severely wounded.
The worm bites you but does no damage.
You hit the worm.
The worm is almost dead.
You hit the worm but do no damage.
The worm is almost dead.
The worm bites you.
* * * LOW HITPOINT WARNING * * *
You hit the worm.
The worm is almost dead.
The worm misses you.
You hit the worm but do no damage.
The worm is almost dead.
The worm bites you!
You die...

#...# # ####.....
# ##........
###...........####
#.................
#.#...........####
#.##.......? ##
#w#####.)... #.
#@# ##.#† #. #.#
... #. #.##### .#
#. #.....# #.
#####.# #. #.# #.
#.# #. ######.# #.
#.<....# #.


You could see a worm.

Vanquished Creatures
  A worm (D:2)
  3 dart slugs
  7 ball pythons
  4 endoplasms
  4 giant cockroaches
  4 goblins
  8 hobgoblins
  3 jackals (D:2)
  2 quokkas (D:1)
  3 bats
  2 frilled lizards
  4 kobolds (D:1)
  3 rats (D:1)
48 creatures vanquished.

Notes
Turn   | Place    | Note
-------+----------+-------------------------------------------
     0 | D:1      | NotreDorf the Mummy Hedge Wizard began the quest for the
                  | Orb.
     0 | D:1      | Reached XP level 1. HP: 13/13 MP: 5/5
   133 | D:1      | Reached skill level 1 in Conjurations
   262 | D:1      | Reached XP level 2. HP: 18/19 MP: 0/7
  1285 | D:1      | Gained mutation: You are in touch with the powers of death.
                  | [Mummy growth]
  1285 | D:1      | Reached XP level 3. HP: 24/24 MP: 3/9
  1612 | D:1      | Reached skill level 1 in Evocations
  1775 | D:1      | Learned a level 2 spell: Blink
  1779 | D:1      | Learned a level 3 spell: Mephitic Cloud
  2079 | D:2      | Found Zeostiq's Assorted Antiques.
  2453 | D:2      | Slain by a worm

Illustrated notes

Levels and vault maps discovered:
D:1:      giann_wishing_wells, layout_basic, serial_bayou_pond_b
D:2:      layout_loops_cross, serial_shops, shop, kennysheep_cluttered_room,
          wander_ebering_terrifying_dragon_lair

Skill      XL: |  1  2  3 |
---------------+----------+-----
Conjurations   | 1 |  1.9
Evocations     | 1 |  1.3
Dodging        | |  1.5
Stealth        | |  1.5
Spellcasting   | |  4.8
Summonings     | |  0.7
Translocations | |  0.7

Action                     || total
---------------------------++-------
  Melee: Staff             ||    42
   Cast: Magic Dart        ||   134
 Armour: Robe              ||     9
  Dodge: Dodged            ||    42

Table legend: (Time is in decaauts)
 A = Elapsed time spent in this place.
 B = Non-inter-level travel time spent in this place.
 C = Inter-level travel time spent in this place.
 D = Time resting spent in this place.
 E = Time spent auto-exploring this place.
 F = Levels seen in this place.
 G = Mean time per level.
                   A        B        C        D        E       F      G
               +--------+--------+--------+--------+--------+-----+--------+
         Total |   2461 |   2445 |     16 |    118 |   1963 |   2 | 1230.5 |
       Dungeon |   2461 |   2445 |     16 |    118 |   1963 |   2 | 1230.5 |
               +--------+--------+--------+--------+--------+-----+--------+

Top non-repeatable levels by time:
     D:1: 1799 daAuts
     D:2: 662 daAuts
